 Dungeon Crawl Stone Soup version 0.31-a0-986-g5e6e4ef867 (webtiles) character file.

Game seed: 14076617619155655824

218 Forgeling the Magician (level 5, -6/31 HPs)
             Began as an Octopode Hedge Wizard on Nov 12, 2023.
             Was a Follower of Sif Muna.
             Mangled by an iguana (13 damage)
             ... on level 5 of the Dungeon.
             The game lasted 00:06:39 (4382 turns).

Forgeling the Magician (Octopode Hedge Wizard)      Turns: 4382, Time: 00:06:39

Health: -6/31      AC:  1    Str:  9    XL:     5   Next: 95%
Magic:  0/12       EV: 13    Int: 19    God:    Sif Muna [*.....]
Gold:   195        SH:  0    Dex: 11    Spells: 3/13 levels left

rFire   . . .        a - +1 dagger (venom)
rCold   . . .        (no shield)
rNeg    . . .        b - +0 hat
rPois   .            q - amulet of guardian spirit
rElec   .            (no ring)
rCorr   .            (no ring)
SInv    .            (no ring)
Will    .....        (no ring)
Stlth   +++          (no ring)
HPRegen 0.25/turn    (no ring)
MPRegen 0.13/turn    (no ring)
                     (no ring)

%: guardian spirit
@: no status effects
A: almost no armour, amphibious, 8 rings, camouflage 1, gelatinous body 1,
(nimble swimmer 1), tentacles
a: Renounce Religion, Channel Magic


You were on level 5 of the Dungeon.
You worshipped Sif Muna.
Sif Muna was aware of your devotion.
You visited 1 branch of the dungeon, and saw 5 of its levels.

You collected 195 gold pieces.

Inventory:

Hand Weapons
 a - a +1 dagger of venom (weapon)
 e - a +1 halberd of flaming
Armour
 b - a +0 hat (worn)
Jewellery
 q - an amulet of guardian spirit (around mantle)
Talismans
 s - a serpent talisman
Scrolls
 g - a scroll of noise {unknown}
 l - a scroll of silence {unknown}
 m - a scroll of enchant armour {unknown}
 o - a scroll of immolation {unknown}
 r - a scroll of identify {unknown}
 D - 2 scrolls of blinking
 E - a scroll of fear
 X - 2 scrolls of revelation {@r4}
 Y - a scroll of teleportation {@r3}
Potions
 c - a potion of invisibility {unknown}
 d - a potion of lignification {unknown}
 f - a potion of might {unknown}
 h - 3 potions of heal wounds {unknown}
 i - 2 potions of degeneration {unknown}
 j - a potion of attraction {unknown}
 k - a potion of haste {unknown}
 p - a potion of mutation {unknown}
 Q - a potion of magic


   Skills:
 - Level 2.0 Dodging
 - Level 2.6 Stealth
 + Level 4.8 Spellcasting
 - Level 3.0 Conjurations
 - Level 1.0 Summonings
 - Level 1.0 Translocations
 + Level 2.5 Poison Magic


You had 3 spell levels left.
You knew the following spells:

 Your Spells              Type           Power      Damage    Failure   Level
a - Magic Dart            Conj           60%        1d6       3%          1
c - Cigotuvi's Dreadful   Necr/Pois/Air  14%        N/A       14%         2
d - Mephitic Cloud        Conj/Pois/Air  11%        N/A       19%         3
s - Call Imp              Summ           16%        N/A       13%         2
B - Blink                 Tloc           16%        N/A       13%         2

Your spell library contained the following spells:

 Spells                   Type           Power      Damage    Failure   Level
 Momentum Strike          Conj/Tloc      24%        3d8       9%          2
 Slow                     Hex            16%        N/A       13%         1
 Lesser Beckoning         Tloc           16%        N/A       13%         2
 Confusing Touch          Hex            4%         N/A       36%         3
 Sigil of Binding         Hex            4%         N/A       36%         3
 Vampiric Draining        Necr           4%         2d6       36%         3


Dungeon Overview and Level Annotations

Branches:
Dungeon (5/15)             Temple (0/1) D:4

Altars:
Cheibriados
Fedhas
Ru
Sif Muna
Vehumet
Wu Jian


Innate Abilities, Weirdness & Mutations

You cannot wear most types of armour.
You are amphibious.
You can wear up to eight rings at the same time.
Your skin changes colour to match your surroundings (Stealth+).
Your rubbery body absorbs attacks. (AC +1, EV +1)
((You are camouflaged when in or above water. (Stealth+)))
You have tentacles for arms and can constrict up to eight enemies at once.


Message History

The magic dart hits the hound.
The hound is lightly wounded.
The hound barks!
You hear an angry hiss.
The magic dart hits the hound.
The hound is moderately wounded.
The magic dart hits the hound.
The hound is moderately wounded.
The magic dart hits the hound.
The hound is heavily wounded.
You hit the hound.
The hound is poisoned.
Your grab misses the hound. Your squeeze misses the hound.
The hound is severely wounded.
The hound bites you. x2
You completely miss the hound. Your grab misses the hound.
You squeeze the hound.
You kill the hound!
An iguana comes into view.
Found a robe.
You see here a hound corpse.
Found a dagger.
You barely miss the iguana. You grab the iguana.
You constrict the iguana, but do no damage.
The iguana bites you!
You hit the iguana but do no damage.
The iguana is poisoned.
You squeeze the iguana, but do no damage.
You constrict the iguana. The iguana bites you!
* * * LOW HITPOINT WARNING * * *
You hit the iguana but do no damage.
The iguana looks even sicker.
You squeeze the iguana!
The iguana is severely wounded.
You constrict the iguana. The iguana bites you.
* * * LOW HITPOINT WARNING * * *
Casting: Magic Dart (safe; 3% risk of failure)
Confirm with . or Enter, or press ? or * to list all spells.
Aiming: Magic Dart (safe; 3% risk of failure)
Press: ? - help, Shift-Dir - straight line, f - iguana
Aim: an iguana (almost dead, constricted by you, very poisoned, 100% to hit)
The iguana is almost dead.
You constrict the iguana. The iguana bites you!
You die...

#............#
#............####.
####.......#. ...
##.....## ...#
#.......##...###
#........#......
#...............
##....<##....[#
##...†.@l..#
######.##<.... #.#
### #.. #..# #..#
.... .#)#


You could see an iguana (very poisoned).

Vanquished Creatures
  A scorpion (D:4)
  A hound (D:5)
  2 adders
  2 worms (D:4)
  3 dart slugs
  5 orcs
  12 ball pythons
  3 bats
  8 endoplasms
  6 giant cockroaches
  10 goblins
  6 hobgoblins
  2 jackals (D:2)
  8 kobolds
  A quokka (D:4)
  6 frilled lizards
  13 rats
89 creatures vanquished.

Notes
Turn   | Place    | Note
-------+----------+-------------------------------------------
     0 | D:1      | Forgeling the Octopode Hedge Wizard began the quest for the
                  | Orb.
     0 | D:1      | Reached XP level 1. HP: 11/11 MP: 4/4
   261 | D:1      | Reached XP level 2. HP: 17/17 MP: 1/6
  1305 | D:2      | Reached XP level 3. HP: 18/21 MP: 6/8
  1311 | D:2      | Reached skill level 4 in Spellcasting
  1599 | D:2      | Found a blossoming altar of Fedhas.
  2228 | D:2      | Learned a level 3 spell: Mephitic Cloud
  2231 | D:2      | Learned a level 2 spell: Cigotuvi's Dreadful Rot
  2234 | D:2      | Learned a level 2 spell: Blink
  2237 | D:2      | Learned a level 2 spell: Call Imp
  2391 | D:3      | Found a radiant altar of Vehumet.
  2404 | D:3      | Found a shimmering blue altar of Sif Muna.
  2416 | D:3      | Became a worshipper of Sif Muna the Loreminder
  2535 | D:3      | Found a sacrificial altar of Ru.
  2985 | D:3      | Found an ornate altar of the Wu Jian Council.
  3019 | D:3      | Reached XP level 4. HP: 27/27 MP: 5/10
  3519 | D:4      | Found a staircase to the Ecumenical Temple.
  3550 | D:4      | Found a snail-covered altar of Cheibriados.
  3915 | D:4      | Reached * piety under Sif Muna
  3916 | D:4      | Reached XP level 5. HP: 26/31 MP: 3/11
  4032 | D:4      | Reached skill level 1 in Poison Magic
  4359 | D:5      | Entered Level 5 of the Dungeon
  4382 | D:5      | Mangled by an iguana

Illustrated notes

Levels and vault maps discovered:
D:1:      minmay_arrival_diagonal_passages, layout_loops_ring
D:2:      layout_basic, basic_altar
D:3:      minmay_octagon_keep, layout_loops_ring,
          mainiacjoe_overflow_large_starburst, mainiacjoe_overflow_boulevard,
          mainiacjoe_overflow_brackets, dreamdust_mushroom_princess,
          kennysheep_generic_room_5
D:4:      layout_rooms, slow_altar_1, minmay_temple_entry_offerings,
          minmay_crystal_room
D:5:      layout_rooms, minmay_misc_feat_x

Skill      XL: |  1  2  3  4  5 |
---------------+----------------+-----
Spellcasting   | 4 |  4.8
Conjurations   | 3 |  3.0
Poison Magic   | 2 |  2.5
Dodging        | |  2.0
Stealth        | |  2.6
Summonings     | |  1.0
Translocations | |  1.0

Action                     |  1- 3 |  4- 6 || total
---------------------------+-------+-------++-------
  Melee: Dagger            |    30 |    45 ||    75
         Constrict         |     7 |    11 ||    18
         Tentacles         |     3 |    16 ||    19
         Punch             |       |     1 ||     1
   Cast: Magic Dart        |   123 |    70 ||   193
    Use: Scroll            |       |     4 ||     4
   Stab: Sleeping          |       |     1 ||     1
 Armour: Skin              |    24 |    21 ||    45
  Dodge: Dodged            |    32 |    23 ||    55

Table legend: (Time is in decaauts)
 A = Elapsed time spent in this place.
 B = Non-inter-level travel time spent in this place.
 C = Inter-level travel time spent in this place.
 D = Time resting spent in this place.
 E = Time spent auto-exploring this place.
 F = Levels seen in this place.
 G = Mean time per level.
                   A        B        C        D        E       F      G
               +--------+--------+--------+--------+--------+-----+--------+
         Total |   4380 |   4252 |    128 |      0 |   3674 |   5 |  876.0 |
       Dungeon |   4380 |   4252 |    128 |      0 |   3674 |   5 |  876.0 |
               +--------+--------+--------+--------+--------+-----+--------+

Top non-repeatable levels by time:
     D:3: 1241 daAuts
     D:2: 1142 daAuts
     D:1: 1113 daAuts
     D:4: 860 daAuts
     D:5: 22 daAuts
